 Dungeon Crawl Stone Soup version 0.26.1-11-gd32895ea62 (webtiles) character file.

Game seed: 16848545904408574272

818301 Amplified the Conqueror (level 27, 0/281 HPs)
             Began as a Minotaur Summoner on June 24, 2021.
             Was the Champion of Kikubaaqudgha.
             Slain by an Orb Guardian (33 damage)
             ... on level 5 of the Realm of Zot on June 26, 2021.
             The game lasted 02:57:24 (95025 turns).

Amplified the Conqueror (Minotaur Summoner)        Turns: 95025, Time: 02:57:25

Health: 0/281      AC: 40    Str: 16 (18) XL:     27
Magic:  44/44      EV: 14    Int: 15 (18) God:    Kikubaaqudgha [******]
Gold:   6563       SH:  0    Dex: 22 (25) Spells: 25/45 levels left

rFire    + + +     SeeInvis .   u - +9 eveningstar (holy)
rCold    + . .     Faith    .   d - +5 kite shield {rC+ rF+}
rNeg     + + +     Spirit   .   X - +6 chain mail of Truth {rElec rN+ Dex+3 Slay+3}
rPois    +         Reflect  .   x - +2 hat {Will+}
rElec    +         Harm     .   O - +4 dragonskin cloak
rCorr    +         Rampage  .   p - +3 pair of gauntlets of War {Slay+5}
Will     ++++.                  y - +0 pair of boots of the Poles {rPois rF+ Str-2 Int+5} (curse)
Stlth    ++........             F - amulet "Hiruvi" {rF+ Regen+ Stlth+}
HPRegen  0.96/turn              S - ring "Sirghelet" {rN+ MP+9 Dex+6}
MPRegen  0.29/turn              Q - ring "Gucyabr Kico" {rN+ Will+ Stlth+}

@: about to teleport, berserk cooldown, held, slowed, very slow
A: retaliatory headbutt, horns 2, rugged brown scales 1, thin skeletal structure
1, fire resistance 1, sense surroundings 1, weak 1, MP-powered wands
}: 5/15 runes: decaying, slimy, silver, abyssal, gossamer
a: Renounce Religion, Receive Corpses, Torment, Brand Weapon With Pain, Receive
Necronomicon


You were on level 5 of the Realm of Zot.
You worshipped Kikubaaqudgha.
Kikubaaqudgha was exalted by your worship.
You visited 12 branches of the dungeon, and saw 58 of its levels.
You visited the Abyss 1 time.
You visited 1 ziggurat, and saw 13 of its levels.
You also visited: Trove, Bailey and Gauntlet.

You collected 14022 gold pieces.
You spent 7459 gold pieces at shops.

Inventory:

Hand Weapons
 h - the +6 shillelagh "Devastator" {shatter}
   (You found it on level 4 of a ziggurat)
 u - a +9 eveningstar of holy wrath (weapon)
Missiles
 L - 5 throwing nets (quivered)
Armour
 c - the +15 Maxwell's patent armour {-Cast -Tele rElec Will+ rCorr}
   (You acquired it on level 3 of the Vaults)

   It insulates you from electricity.
   It affects your willpower, your defense against some magical effects.
   It prevents spellcasting.
   It prevents most forms of teleportation.
   It provides partial protection from all sources of acid and corrosion.
 d - a +5 kite shield of resistance (worn)
 o - the +5 tower shield of the Circus Animal {Rampage Str+6 SInv Stlth-}
   (You found it in a treasure trove)

   It affects your strength (+6).
   It lets you see invisible.
   It bestows one free step when moving towards enemies.
   It makes you less stealthy.
 p - the +3 pair of gauntlets of War (worn) {Slay+5}
   (You found it in a treasure trove)

   It affects your accuracy and damage with ranged weapons and melee attacks
   (+5).
 x - a +2 hat of willpower (worn)
 y - the cursed +0 pair of boots of the Poles (worn) {rPois rF+ Str-2 Int+5}
   (You found it on level 5 of the Depths)

   It affects your strength (-2).
   It affects your intelligence (+5).
   It protects you from fire.
   It protects you from poison.
   It has a curse placed upon it.
 O - the +4 dragonskin cloak (worn)
   (You took it off Tiamat on level 2 of the Realm of Zot)
 V - the +14 crystal plate armour of Serendipity {Regen+ SInv}
   (You bought it in a shop on level 9 of the Dungeon)

   It lets you see invisible.
   It increases your rate of regeneration.
 X - the +6 chain mail of Truth (worn) {rElec rN+ Dex+3 Slay+3}
   (You found it on level 1 of the Depths)

   It affects your dexterity (+3).
   It affects your accuracy and damage with ranged weapons and melee attacks
   (+3).
   It insulates you from electricity.
   It protects you from negative energy.
Jewellery
 f - the ring of Divine Compulsion {+Blink rPois rN+ Int+6}
   (You found it on level 11 of a ziggurat)

   [ring of intelligence]

   It affects your intelligence (+6).
   It protects you from poison.
   It protects you from negative energy.
   It lets you blink.
 C - an uncursed ring of resist corrosion
 E - the amulet of the Air {Inacc +Fly rElec EV+5 RMsl}
   (You found it on level 6 of the Lair of Beasts)

   [amulet of inaccuracy]

   It reduces the accuracy of all your attacks.
   It affects your evasion (+5).
   It insulates you from electricity.
   It lets you fly.
   It protects you from missiles.
 F - the amulet "Hiruvi" (around neck) {rF+ Regen+ Stlth+}
   (You bought it in a shop on level 4 of the Vaults)

   [amulet of regeneration]

   It protects you from fire.
   It increases your rate of regeneration.
   It makes you more stealthy.
 I - an uncursed ring of protection from cold
 M - the ring of Propriety {rElec rF+}
   (You took it off a deep elf knight on level 3 of the Elven Halls)

   [ring of protection from fire]

   It protects you from fire.
   It insulates you from electricity.
 Q - the ring "Gucyabr Kico" (right hand) {rN+ Will+ Stlth+}
   (You took it off a minotaur in a Gauntlet)

   [ring of willpower]

   It protects you from negative energy.
   It affects your willpower, your defense against some magical effects.
   It makes you more stealthy.
 S - the ring "Sirghelet" (left hand) {rN+ MP+9 Dex+6}
   (You found it on level 7 of a ziggurat)

   [ring of positive energy]

   It affects your dexterity (+6).
   It protects you from negative energy.
   It affects your magic capacity (+9).
Wands
 e - a wand of disintegration (39)
 i - a wand of digging (4)
 G - a wand of iceblast (23)
 T - a wand of paralysis (7)
 W - a wand of random effects (21)
Scrolls
 g - 4 scrolls of immolation
 j - 38 scrolls of remove curse
 k - 8 scrolls of amnesia
 r - 3 scrolls of brand weapon
 t - 4 scrolls of magic mapping
 w - 8 scrolls of fog
 z - 5 scrolls of summoning
 A - 2 scrolls of enchant armour
 J - 11 scrolls of fear
 K - 3 scrolls of identify
 U - 9 scrolls of teleportation
Potions
 a - a potion of resistance
 b - 2 potions of haste
 l - 9 potions of brilliance
 m - 5 potions of magic
 q - a potion of ambrosia
 s - 2 potions of flight
 v - 5 potions of cancellation
 B - 19 potions of curing
 D - 9 potions of attraction
 H - a potion of invisibility
 N - 10 potions of lignification
 R - 6 potions of heal wounds
Miscellaneous
 n - a phantom mirror
 P - a condenser vane


   Skills:
 O Level 27 Fighting
 - Level 16.5 Maces & Flails
 O Level 27 Armour
 O Level 27 Dodging
 - Level 1.5 Stealth
 O Level 27 Shields
 * Level 9.7 Spellcasting
 - Level 9.9 Conjurations
 * Level 6.8 Hexes
 - Level 6.6 Summonings
 - Level 6.1 Transmutations
 - Level 10.7 Ice Magic
 * Level 9.9 Air Magic
 - Level 6.1 Earth Magic
 - Level 3.4 Evocations


You had 25 spell levels left.
You knew the following spells:

 Your Spells              Type           Power        Failure   Level
a - Summon Small Mammal   Summ           100%         2%          1
b - Call Imp              Summ           27%          3%          2
c - Call Canine Familiar  Summ           27%          6%          3
d - Vampiric Draining     Necr           3%           69%         3
e - Summon Lightning Spi  Summ/Air       32%          11%         4
f - Passwall              Tmut/Erth      20%          4%          2
g - Silence               Hex/Air        16%          28%         5

Your spell library contained the following spells:

 Spells                   Type           Power        Failure   Level
 Corona                   Hex            30%          1%          1
 Freeze                   Ice            100%         1%          1
 Magic Dart               Conj           100%         1%          1
 Shock                    Conj/Air       100%         1%          1
 Ensorcelled Hibernation  Hex/Ice        66%          1%          2
 Searing Ray              Conj           74%          1%          2
 Swiftness                Air            37%          1%          2
 Frozen Ramparts          Ice            78%          1%          3
 Ozocubu's Armour         Ice            39%          1%          3
 Static Discharge         Conj/Air       37%          1%          3
 Sandblast                Erth           50%          2%          1
 Slow                     Hex            27%          3%          2
 Dazzling Flash           Conj/Hex       64%          3%          3
 Stone Arrow              Conj/Erth      62%          3%          3
 Foxfire                  Conj/Fire      88%          4%          1
 Hailstorm                Conj/Ice       38%          4%          4
 Airstrike                Air            18%          5%          4
 Corpse Rot               Necr/Air       N/A          6%          2
 Poisonous Vapours        Pois/Air       44%          6%          2
 Confusing Touch          Hex            27%          6%          3
 Mephitic Cloud           Conj/Pois/Air  27%          6%          3
 Summon Guardian Golem    Hex/Summ       27%          6%          3
 Tukima's Dance           Hex            27%          6%          3
 Sting                    Tmut/Pois      64%          10%         1
 Summon Ice Beast         Ice/Summ       33%          10%         4
 Fulminant Prism          Conj/Hex       16%          11%         4
 Ice Form                 Ice/Tmut       32%          11%         4
 Conjure Flame            Conj/Fire      22%          13%         3
 Iskenderun's Battlesphe  Conj           37%          16%         5
 Lightning Bolt           Conj/Air       18%          16%         5
 Cause Fear               Hex            13%          21%         4
 Leda's Liquefaction      Hex/Erth       13%          22%         4
 Inner Flame              Hex/Fire       17%          24%         3
 Metabolic Englaciation   Hex/Ice        16%          24%         5
 Petrify                  Tmut/Erth      25%          26%         4
 Spider Form              Tmut/Pois      8%           28%         3
 Animate Skeleton         Necr           14%          32%         1
 Apportation              Tloc           14%          32%         1
 Pain                     Necr           28%          32%         1
 Irradiate                Conj/Tmut      15%          32%         5
 Ignite Poison            Fire/Tmut/Pois 13%          38%         3
 Iskenderun's Mystic Bla  Conj/Tloc      22%          38%         4
 Sticky Flame             Conj/Fire      22%          38%         4
 Blink                    Tloc           N/A          45%         2
 Sublimation of Blood     Necr           3%           45%         2
 Summon Mana Viper        Hex/Summ       27%          50%         5
 Summon Demon             Summ           13%          52%         5
 Ozocubu's Refrigeration  Ice            19%          52%         6
 Yara's Violent Unravell  Hex/Tmut       13%          54%         5
 Lee's Rapid Deconstruct  Erth           12%          58%         5
 Freezing Cloud           Conj/Ice/Air   19%          58%         6
 Gell's Gravitas          Tloc           3%           69%         3
 Lesser Beckoning         Tloc           3%           69%         3
 Bolt of Magma            Conj/Fire/Erth 11%          71%         5
 Fireball                 Conj/Fire      11%          75%         5
 Iron Shot                Conj/Erth      15%          88%         6
 Summon Forest            Summ/Tloc      8%           93%         5
 Alistair's Intoxication  Tmut/Pois      10%          95%         5
 Borgnjor's Vile Clutch   Necr/Erth      8%           95%         5
 Animate Dead             Necr           3%           97%         4
 Dispel Undead            Necr           7%           97%         4
 Olgreb's Toxic Radiance  Pois           7%           97%         4
 Passage of Golubria      Tloc           N/A          97%         4
 Invisibility             Hex            27%          97%         6
 Shadow Creatures         Summ           N/A          97%         6
 Hydra Form               Tmut           12%          99%         6
 Simulacrum               Ice/Necr       11%          99%         6
 Statue Form              Tmut/Erth      16%          99%         6
 Orb of Destruction       Conj           18%          99%         7
 Agony                    Necr           7%           100%        5
 Excruciating Wounds      Necr           3%           100%        5
 Death Channel            Necr           3%           100%        6
 Eringya's Noxious Bog    Tmut/Pois      8%           100%        6
 Dragon Form              Tmut           12%          100%        7
 Haunt                    Necr/Summ      8%           100%        7
 Malign Gateway           Summ/Tloc      8%           100%        7
 Spellforged Servitor     Conj/Summ      16%          100%        7
 Summon Hydra             Summ           13%          100%        7
 Borgnjor's Revivificati  Necr           3%           100%        8
 Chain Lightning          Conj/Air       18%          100%        8
 Discord                  Hex            13%          100%        8
 Ignition                 Fire           3%           100%        8
 Infestation              Necr           3%           100%        8
 Lehudib's Crystal Spear  Conj/Erth      15%          100%        8
 Necromutation            Tmut/Necr      8%           100%        8
 Absolute Zero            Ice            19%          100%        9
 Death's Door             Necr           3%           100%        9
 Fire Storm               Conj/Fire      11%          100%        9
 Shatter                  Erth           12%          100%        9
 Tornado                  Air            18%          100%        9


Dungeon Overview and Level Annotations

Branches:
Dungeon (15/15)            Temple (1/1) D:4            Lair (6/6) D:8
  Swamp (4/4) Lair:3       Spider (4/4) Lair:2        Slime (5/5) Lair:5
    Orc (2/2) D:10            Elf (3/3) Orc:2        Vaults (5/5) D:13
  Crypt (3/3) Vaults:2       Tomb (0/3) Crypt:3      Depths (5/5) D:15
    Zot (5/5) Depths:5     Bailey (visited)         Gauntlet (visited)

Altars:
Ashenzari
Cheibriados
Dithmenos
Elyvilon
Fedhas
Gozag
Hepliaklqana
Kikubaaqudgha
Makhleb
Nemelex Xobeh
Okawaru
Qazlal
Ru
Sif Muna
Trog
Uskayaw
Vehumet
Wu Jian
Xom
Yredelemnul
Zin
The Shining One
Jiyva

Shops:
D:4 :   D:9 [   Orc:1 [   Orc:2 ([((   Elf:2 (?(   Elf:3 [:   Vaults:1 [
Vaults:2 (   Vaults:4 =*   Depths:3 ?   Depths:5 !

Portals:
Hell: Depths:1 Depths:2 Depths:3 Depths:4 Depths:5
Abyss: Depths:3 Depths:4
Pandemonium: Depths:3 Depths:5

Annotations:
D:9 Crystal plate all-or-nothing
Lair:5 Bad
Lair:6
Slime:5 Zigg it
Elf:2 1 runed translucent door
Elf:3 Double acquire
Depths:4 Abyss, Vaults, Slime


Innate Abilities, Weirdness & Mutations

You reflexively headbutt those who attack you in melee.
You have a pair of horns on your head.
You are partially covered in rugged brown scales. (AC +1, +3% HP)
You have a somewhat thin skeletal structure. (Dex +2, Stealth)
Your flesh is heat resistant. (rF+)
You passively map a small area around you.
You are weak. (Str -2)
You expend magic power (3 MP) to strengthen your wands.


Message History

Unknown command.
Okay, then.
As you read the scroll of fear, it crumbles to dust.
You assume a fearsome visage.
The Orb Guardian easily resists.
The Orb Guardian resists with some effort.
The Killer Klown resists with almost no effort.
The electric golem is unaffected.
The Killer Klown looks frightened!
The moth of wrath resists with some effort.
The moth of wrath looks frightened!
The Orb Guardian completely misses you. The Orb Guardian hits you!
* * * LOW HITPOINT WARNING * * *
The Orb Guardian closely misses you.
The Killer Klown looks rattled.
The Killer Klown blinks!
The Orb Guardian hits you!!
* * * LOW HITPOINT WARNING * * *
The Killer Klown blinks!
The Orb Guardian hits you!!
* * * LOW HITPOINT WARNING * * *
The Orb Guardian hits you!!
You die...
Kikubaaqudgha rasps: "You have failed me!
Welcome... death!"

...###....................*
#.^.###^....q^....^......#*
##....##p....p..........#*
###.......p...........#*
#▓▓▓▓▓▓▓▓▓▓▓##p....▓▓
****,.......^......▓▓
***,,,,...^.y........^▓*
**,,,,,,......yXX.......▓*
*,,,,,,,.......@.........*
**,,,,,,,.................*
**,,,,,,,................▓*
,*,,,,,,,...............▓▓
^,,,,,,,,..8.).§.......▓▓
,*^,,,,,,...§...........▓*
**,,,,,,,................**
**,,,^,,,...............,,*
*,,,,,,,,,,,,,,,,,,,,,,,,*


You could see a Killer Klown, an electric golem, 2 Orb Guardians and 2 moths of
wrath.

Vanquished Creatures
  the Royal Jelly (Slime:5)
  2 pandemonium lords
  3 ancient liches
  Tiamat (Zot:2)
  2 orbs of fire
  Sojobo (Vaults:4)
  2 royal mummies
  The ghost of Roocroe the Impregnable, a veteran MiGl of Hepliaklqana (Crypt:1)
  3 Killer Klowns
  Bai Suzhen (D:15)
  Saint Roka (Depths:2)
  Frederick (Crypt:3)
  2 curse toes (Zot:4)
  Nikola (Spider:2)
  The ghost of Caat Rau the Warrior, an adept DgCj (Depths:1)
  4 bone dragons
  2 profane servitors
  Arachne (Spider:3)
  13 golden dragons
  3 Brimstone Fiends
  A Tzitzimitl (Zig:12)
  A Hell Sentinel (Zig:12)
  2 electric golems (Zot:2)
  Rupert (D:12)
  Jorgrun (Orc:1)
  15 tentacled monstrosities
  3 hellephants
  11 quicksilver dragons
  4 liches
  7 Orb Guardians (Zot:5)
  The ghost of Moagi the Champion of Chaos, an adept GnSk of Makhleb (Vaults:2)
  4 titans
  2 deep elf blademasters (Elf:3)
  An acid blob (shapeshifter) (Vaults:5)
  16 acid blobs
  A deep elf master archer (Elf:3)
  6 sphinxes
  6 ancient champions
  Kirke (D:13)
  7 tentacled starspawn
  A shadow dragon (shapeshifter) (Zig:8)
  2 nagarajas (Zig:6)
  7 shadow dragons
  12 death cobs
  11 draconian monks
  12 fire giants
  2 fenstrider witches (shapeshifter) (Zig:7)
  2 revenants
  11 deep elf sorcerers
  10 frost giants
  15 tengu reavers
  24 storm dragons
  Roxanne (Spider:2)
  3 fenstrider witches (Swamp:4)
  2 daevas (Abyss:4)
  An emperor scorpion (shapeshifter) (Zig:8)
  5 azure jellies
  11 draconian knights
  8 ghost moths
  9 draconian scorchers
  2 cacodemons
  5 deep elf elementalists
  An orc warlord (Orc:2)
  Louise (Spider:2)
  17 vault wardens
  4 warmongers (Zig:12)
  2 balrugs
  4 draconian annihilators
  10 draconian shifters
  11 ghouls
  2 angels (Depths:2)
  9 draconian stormcallers
  4 curse skulls
  2 emperor scorpions
  2 war gargoyles
  14 ironheart preservers
  32 stone giants
  3 reapers
  2 spriggan defenders
  16 very ugly things
  A stone giant (shapeshifter) (Zig:7)
  11 vampire knights
  A corrupter (Zig:12)
  14 black draconians
  17 green draconians
  8 deep elf demonologists
  A black sun (Zig:12)
  An entropy weaver (shapeshifter) (Depths:1)
  18 purple draconians
  6 yellow draconians
  7 bunyips
  6 entropy weavers
  Azrael (D:15)
  11 red draconians
  15 white draconians
  21 dire elephants
  11 deep elf annihilators
  2 ettins (shapeshifter)
  4 spark wasps
  A minotaur (Gauntlet)
  A merfolk javelineer (Depths:3)
  11 deep elf death magi
  13 eidola
  A quicksilver dragon zombie (Crypt:1)
  3 blizzard demons (Abyss:4)
  21 ettins
  A merfolk impaler (Depths:4)
  25 yaktaur captains
  14 fire dragons
  8 deep elf high priests
  3 eleionomae
  2 death oozes (Slime:5)
  2 green deaths
  2 mummy priests (Zig:5)
  2 pearl dragon zombies (Depths:5)
  Harold (Lair:2)
  7 jiangshi
  A crystal guardian (Vaults:4)
  A shambling mangrove (Swamp:4)
  Josephine (D:13)
  13 ice dragons
  12 great orbs of eyes
  Erica (D:10)
  A quicksilver dragon skeleton (Abyss:1)
  A boulder beetle (shapeshifter) (Gauntlet)
  19 ogre magi
  2 spriggan air magi
  20 hydras
  5 rakshasas
  2 anacondas (shapeshifter)
  A hell beast (Gauntlet)
  14 centaur warriors
  3 catoblepae
  26 vault guards
  A ghost crab (Swamp:2)
  7 boulder beetles
  7 alligators
  50 two-headed ogres
  3 death yaks (Lair:5)
  9 death knights
  6 hell hogs
  14 deep troll shamans
  4 vampire magi
  A queen ant (Lair:5)
  5 tengu warriors
  11 deep troll earth magi
  6 orc high priests
  4 spriggan berserkers
  33 dancing weapons
  20 thrashing horrors
  2 storm dragon zombies
  Urug (Lair:2)
  3 soul eaters
  2 titan zombies (Crypt:3)
  2 sun demons (Abyss:1)
  55 skeletal warriors
  6 wretched stars
  7 hell knights
  A titan skeleton (Crypt:1)
  6 sixfirhies
  45 deep elf knights
  The ghost of Gerhazo the Destroyer, a novice DrCj of Vehumet (D:8)
  3 shadow wraiths
  A ghost moth zombie (Crypt:3)
  2 spriggan druids
  4 unseen horrors
  12 flayed ghosts
  5 goliath frogs
  5 iron trolls
  26 large abominations
  2 golden dragon zombies (Crypt:3)
  8 wizards
  A glowing orange brain (shapeshifter) (Depths:1)
  4 spatial maelstroms
  5 glowing orange brains
  51 deep trolls
  A shadow demon (Zig:12)
  7 bog bodies
  10 swamp dragons
  21 deep elf archers
  3 shadow dragon zombies
  2 obsidian statues
  A naga ritualist (Zig:6)
  13 ironbrand convokers
  A harpy (shapeshifter) (Vaults:2)
  8 harpies
  18 orc knights
  A tengu skeleton (Vaults:2)
  A lindwurm (Lair:6)
  An iron dragon zombie (Crypt:1)
  A wolf spider zombie (Abyss:4)
  107 deep elf magi
  8 necromancers
  22 phantasmal warriors
  2 oklob plants (Lair:4)
  22 orb spiders
  A mana viper (shapeshifter) (Depths:1)
  A manticore (shapeshifter) (Zig:2)
  A shining eye (shapeshifter) (Vaults:5)
  A faun (shapeshifter) (Elf:2)
  2 shining eyes
  31 wolf spiders
  3 fire giant zombies
  34 ugly things
  5 stone giant zombies
  3 orc sorcerers
  8 cyclopes
  7 will-o-the-wisps
  An iron dragon skeleton (Crypt:2)
  27 moths of wrath
  2 manticores
  2 stone giant skeletons (Vaults:2)
  13 elephants
  4 apis skeletons (Depths:5)
  A spriggan zombie (Depths:2)
  3 worldbinders
  5 torpor snails
  A naga mage (Zig:6)
  3 apocalypse crabs
  2 centaur zombies
  A molten gargoyle (Gauntlet)
  The ghost of Eitelfritz the Slasher, a novice MiGl of the Shining One (D:5)
  Joseph (D:9)
  13 vault sentinels
  3 gargoyles
  2 guardian serpents
  A guardian serpent (shapeshifter) (Depths:5)
  12 smoke demons
  14 black mambas
  25 cane toads
  7 eyes of devastation
  6 orange demons
  A rime drake (Lair:4)
  A death yak zombie (Crypt:1)
  2 kobold demonologists
  A yaktaur zombie (Zig:1)
  5 ice devils
  74 yaktaurs
  An emperor scorpion zombie (Crypt:3)
  14 komodo dragons
  8 demonic crawlers
  A catoblepas skeleton (Abyss:4)
  6 tengu conjurers
  2 efreet
  A yaktaur (shapeshifter) (Depths:2)
  6 hellwings
  A queen ant zombie (Crypt:1)
  A yaktaur skeleton (Vaults:2)
  6 ancient zymes
  A merfolk (D:12)
  21 freezing wraiths
  A red devil (Depths:5)
  A bloated husk (Swamp:1)
  8 guardian mummies
  A queen bee (shapeshifter) (Vaults:5)
  15 trolls
  17 hornets
  A shadow dragon simulacrum (Vaults:5)
  A polar bear (Lair:6)
  17 tyrant leeches
  Grinder (D:3)
  42 jumping spiders
  A fire dragon zombie (Crypt:3)
  An ice dragon zombie (Crypt:3)
  A polar bear (shapeshifter) (Abyss:1)
  A tyrant leech (shapeshifter) (Zig:3)
  20 raiju
  66 slime creatures
  An iron dragon simulacrum (Crypt:2)
  2 satyr zombies (Crypt:2)
  4 snapping turtles
  2 dream sheep (shapeshifter)
  28 blink frogs
  A stone giant simulacrum (Vaults:1)
  2 dream sheep (D:11)
  An ettin zombie (Vaults:1)
  7 flying skulls
  9 water elementals
  34 tarantellas
  Sigmund (D:3)
  3 ettin skeletons
  A fire dragon skeleton (Crypt:1)
  A spriggan (shapeshifter) (Vaults:5)
  6 air elementals
  4 wyverns
  3 ushabtiu
  A redback (shapeshifter) (Zig:7)
  71 redbacks
  18 spriggans
  29 starcursed masses
  2 shadows
  12 ynoxinuls
  16 wraiths
  9 golden eyes
  4 basilisks
  17 humans (D:13)
  Grum (D:9)
  A fire bat (Abyss:1)
  3 fire elementals
  56 yaks
  7 neqoxecs
  18 vampire mosquitoes
  2 basilisks (shapeshifter)
  2 hogs (D:13)
  A hog (shapeshifter) (Depths:2)
  7 chaos spawn
  2 human simulacra (Vaults:5)
  6 spatial vortices
  Edmund (D:6)
  9 soldier ants
  7 wargs
  15 swamp worms
  4 acid dragons
  A swamp worm (shapeshifter) (Vaults:4)
  15 small abominations
  14 water moccasins
  A water moccasin (shapeshifter) (Vaults:2)
  68 orc warriors
  20 hell hounds
  A floating eye (Depths:1)
  4 sky beasts
  2 human zombies (Vaults:1)
  8 ice beasts
  15 black bears
  7 boggarts
  2 phantoms
  A black bear (shapeshifter) (Vaults:3)
  A tengu (shapeshifter) (Depths:5)
  6 eyes of draining
  A lindwurm zombie (Crypt:2)
  18 necrophages
  2 ogres (shapeshifter)
  24 ogres
  A swamp dragon zombie (Crypt:1)
  36 wolves
  A centaur (shapeshifter) (Abyss:4)
  2 elf skeletons
  2 orc skeletons
  23 centaurs
  3 human skeletons
  32 bullfrogs
  3 big kobolds (D:11)
  A gnoll sergeant (D:12)
  3 earth elementals
  10 wyvern skeletons (Crypt:3)
  A killer bee (shapeshifter) (Vaults:2)
  6 scorpions
  8 killer bees
  A spriggan skeleton (Crypt:2)
  A yak zombie (Crypt:2)
  19 wights
  A troll skeleton (Crypt:1)
  3 howler monkeys (D:9)
  6 electric eels
  A crimson imp (Depths:1)
  5 quasits
  8 hounds
  10 jellies
  4 centaur skeletons
  36 orc priests
  2 bullfrog skeletons
  3 iron imps
  Ijyb (D:3)
  5 iguanas
  32 orc wizards
  30 worker ants
  A demigod zombie (Crypt:2)
  A naga zombie (Crypt:1)
  A hound skeleton (D:11)
  11 mummies
  Robin (D:3)
  A worker ant zombie (D:9)
  3 gnolls (D:12)
  A tengu simulacrum (Crypt:2)
  20 adders
  A steam dragon zombie (Crypt:2)
  2 shadow imps
  9 white imps
  4 ufetubi
  7 oozes
  An adder zombie (D:5)
  2 adder skeletons
  3 worms
  2 dart slugs
  5 leopard geckos
  106 orcs
  4 giant cockroaches
  15 goblins
  10 hobgoblins
  4 jackals
  7 quokkas
  3 ball pythons (D:3)
  18 bats
  A dart slug zombie (Crypt:2)
  3 frilled lizards
  15 kobolds
  5 rats
  A rat skeleton (Crypt:2)
  A river rat skeleton (Crypt:1)
  2 butterflies (Lair:4)
  2 crawling corpses (Elf:3)
  A lurking horror (Abyss:1)
  4 starspawn tentacles
3332 creatures vanquished.

Vanquished Creatures (collateral kills)
  A water moccasin (Lair:6)
  An ogre (D:4)
  A big kobold (D:6)
  2 orc priests (D:8)
  A gnoll (D:1)
  An orc (D:8)
  A giant cockroach (D:1)
  A rat (D:1)
9 creatures vanquished.

Vanquished Creatures (others)
  A tentacled monstrosity (Zot:2)
  2 shadow dragons
  A yellow draconian (Zot:3)
  A dancing weapon (Elf:2)
  A two-headed ogre (Depths:4)
  A deep elf knight (Vaults:3)
  A sixfirhy (Abyss:4)
  A moth of wrath (Zot:3)
  2 bloated husks
  A jumping spider (Spider:3)
  A blink frog (Abyss:1)
  2 redbacks (Spider:2)
  4 humans (D:13)
  A bullfrog (Lair:6)
  An orc (Elf:2)
  A bush (Lair:6)
  45 foxfires
  134 fungi
  4 lurking horrors
  249 plants
  17 starspawn tentacles
  20 withered plants (Crypt:3)
491 creatures vanquished.

Grand Total: 3832 creatures vanquished

Notes
Turn   | Place    | Note
-------+----------+-------------------------------------------
     0 | D:1      | Amplified the Minotaur Summoner began the quest for the
                  | Orb.
     0 | D:1      | Reached XP level 1. HP: 14/14 MP: 1/1
   238 | D:1      | Reached skill level 1 in Maces & Flails
   260 | D:1      | Reached skill level 1 in Fighting
   569 | D:1      | Reached XP level 2. HP: 23/23 MP: 0/3
   587 | D:1      | Learned a level 2 spell: Call Imp
  1317 | D:1      | Reached XP level 3. HP: 29/29 MP: 4/4
  2038 | D:2      | Reached XP level 4. HP: 29/37 MP: 5/5
  3161 | D:3      | Noticed Robin
  3183 | D:3      | Killed Robin
  3465 | D:3      | Noticed Grinder
  3558 | D:4      | Noticed an ogre
  3627 | D:4      | Noticed an ice beast
  3633 | D:4      | Reached XP level 5. HP: 43/45 MP: 3/6
  3644 | D:4      | Killed an ice beast
  3645 | D:4      | Reached skill level 5 in Maces & Flails
  4123 | D:4      | Reached XP level 6. HP: 34/52 MP: 4/7
  4416 | D:4      | Found Sidd's Book Shop.
  4727 | D:4      | Found a staircase to the Ecumenical Temple.
  4818 | D:5      | Entered Level 5 of the Dungeon
  5312 | D:5      | Found a transporter.
  5312 | D:5      | Noticed Eitelfritz's ghost (novice MiGl)
  5314 | D:5      | Found a transporter.
  5538 | Temple   | Entered the Ecumenical Temple
  5625 | Temple   | Became a worshipper of Kikubaaqudgha
  6223 | D:5      | Reached XP level 7. HP: 54/60 MP: 5/8
  6824 | D:3      | Noticed Sigmund
  6835 | D:3      | Killed Sigmund
  6836 | D:3      | Reached skill level 5 in Fighting
  7069 | D:3      | Found a shimmering blue altar of Sif Muna.
  7534 | D:3      | Noticed Ijyb
  7548 | D:3      | Killed Ijyb
  7971 | D:3      | Paralysed by Grinder for 3 turns
  7976 | D:3      | Paralysed by Grinder for 3 turns
  7984 | D:3      | Killed Grinder
  7984 | D:3      | Reached * piety under Kikubaaqudgha
  7984 | D:3      | Identified Kikubaaqudgha's Disquisition on Sinister Secrets
                  | (Kikubaaqudgha gifted it to you on level 3 of the Dungeon)
  7984 | D:3      | Received a gift from Kikubaaqudgha
  7999 | D:3      | Learned a level 3 spell: Call Canine Familiar
  8299 | D:6      | Reached XP level 8. HP: 48/70 MP: 6/9
  8658 | D:6      | Reached skill level 10 in Maces & Flails
  9493 | D:6      | Noticed Edmund
  9508 | D:6      | Killed Edmund
  9845 | D:6      | Reached XP level 9. HP: 71/81 MP: 10/10
  9959 | D:6      | Found a shimmering blue altar of Sif Muna.
  9975 | D:6      | Identified Sif Muna's Collected Works on Venom
  9988 | D:6      | Found a stormy altar of Qazlal.
  9989 | D:6      | Found a shadowy altar of Dithmenos.
  9990 | D:6      | Found a white marble altar of Elyvilon.
  9995 | D:6      | Learned a level 3 spell: Vampiric Draining
 10495 | D:7      | Found a flagged portal.
 10510 | Bailey   | Entered a bailey
 11101 | Bailey   | Found a burning altar of Makhleb.
 11688 | D:8      | Reached ** piety under Kikubaaqudgha
 11760 | D:8      | Found a sacrificial altar of Ru.
 11831 | D:8      | Found a runed translucent door.
 11833 | D:8      | Noticed Gerhazo's ghost (novice DrCj)
 11837 | D:8      | Identified the cursed +0 spear of Theory {antimagic, Will-
                  | Dex+6}
 12389 | D:8      | Reached XP level 10. HP: 70/93 MP: 11/11
 12638 | D:8      | Reached skill level 10 in Fighting
 13086 | D:8      | Noticed a two-headed ogre
 13110 | D:8      | Killed a two-headed ogre
 13258 | D:8      | Found a hide-covered altar of Uskayaw.
 13571 | D:9      | Found Tihasem's Antique Armour Shop.
 13581 | D:9      | Reached skill level 1 in Armour
 13601 | D:9      | Noticed Grum
 14148 | D:8      | Found a staircase to the Lair.
 14381 | D:9      | Got an encrusted mace
 14382 | D:9      | Identified the +7 mace of the Pyrrhic Victory {venom, Will+
                  | Str+5 Dex-2} (You found it on level 9 of the Dungeon)
 14602 | D:9      | Got a glimmering ring mail
 14613 | D:9      | Identified the +2 ring mail of the Mantidfly {*Drain Str+7}
                  | (You found it on level 9 of the Dungeon)
 14632 | D:9      | Noticed Joseph
 14646 | D:9      | Killed Joseph
 14703 | D:9      | Noticed a two-headed ogre
 14725 | D:9      | Killed a two-headed ogre
 14941 | D:9      | Found a glowing golden altar of the Shining One.
 15047 | D:9      | Reached skill level 5 in Dodging
 15056 | D:9      | Reached skill level 5 in Armour
 15056 | D:9      | Reached XP level 11. HP: 89/102 MP: 12/12
 15171 | D:9      | Killed Grum
 15171 | D:9      | Reached *** piety under Kikubaaqudgha
 15171 | D:9      | Identified Kikubaaqudgha's Handbook of Sinister Rituals
                  | (Kikubaaqudgha gifted it to you on level 9 of the Dungeon)
 15171 | D:9      | Received a gift from Kikubaaqudgha
 15231 | D:9      | Bought a heavily runed leather armour for 203 gold pieces
 15231 | D:9      | Bought a cloak for 130 gold pieces
 15472 | D:10     | Entered Level 10 of the Dungeon
 15681 | D:10     | You fall into a shaft and drop 2 floors!
 15682 | D:12     | Noticed a two-headed ogre
 15682 | D:12     | Noticed a green ugly thing
 15685 | D:12     | Noticed a purple ugly thing
 15708 | D:10     | Found a staircase to the Orcish Mines.
 15720 | D:10     | Noticed Erica
 15732 | D:10     | Killed Erica
 16253 | D:10     | Found a white marble altar of Elyvilon.
 16447 | D:11     | Reached **** piety under Kikubaaqudgha
 16963 | D:11     | Noticed a white ugly thing
 16976 | D:11     | Killed an unseen horror
 16985 | D:11     | Killed a white ugly thing
 16989 | D:11     | Killed a purple ugly thing
 17336 | D:11     | Noticed a skeletal warrior
 17371 | D:11     | Killed a skeletal warrior
 17372 | D:11     | Reached XP level 12. HP: 87/115 MP: 13/13
 17894 | D:11     | Noticed a two-headed hydra
 17935 | D:11     | Killed a two-headed hydra
 18127 | D:11     | Identified the +1 leather armour "Dowoiph" {rF+ Str+2
                  | Int+9} (You bought it in a shop on level 9 of the Dungeon)
 18261 | D:12     | Noticed Rupert
 18279 | D:12     | Noticed a two-headed ogre
 18323 | D:11     | Killed a two-headed ogre
 18440 | D:12     | Reached ***** piety under Kikubaaqudgha
 18462 | D:13     | Noticed Josephine
 18480 | D:13     | Killed Josephine
 18621 | D:13     | Reached skill level 10 in Armour
 18649 | D:13     | Found a portal to a secret trove of treasure.
 18971 | D:13     | Noticed a centaur warrior
 18978 | D:13     | Killed a centaur warrior
 18979 | D:13     | Reached skill level 10 in Dodging
 19219 | D:12     | Noticed a two-headed ogre
 19247 | D:11     | Killed a two-headed ogre
 19435 | D:10     | Learned a level 4 spell: Summon Lightning Spire
 19438 | Orc:1    | Entered Level 1 of the Orcish Mines
 19785 | Orc:2    | Entered Level 2 of the Orcish Mines
 20024 | Orc:2    | Noticed Jorgrun
 20026 | Orc:2    | Reached XP level 13. HP: 103/125 MP: 14/14
 20205 | Lair:1   | Entered Level 1 of the Lair of Beasts
 20785 | Lair:1   | Reached ****** piety under Kikubaaqudgha
 21816 | Lair:2   | Found a hole to the Spider Nest.
 22091 | Lair:2   | Reached skill level 5 in Summonings
 22183 | Lair:2   | Reached skill level 15 in Fighting
 22685 | Lair:2   | Noticed Harold
 22694 | Lair:2   | Killed Harold
 23058 | Lair:2   | Noticed Urug
 23071 | Lair:2   | Killed Urug
 23933 | Lair:3   | Found a staircase to the Swamp.
 24384 | Lair:5   | Noticed an entropy weaver
 24394 | Lair:5   | Found a staircase to the Slime Pits.
 25297 | Lair:4   | Reached XP level 14. HP: 112/135 MP: 15/15
 25658 | Lair:4   | Found a basalt altar of Yredelemnul.
 26660 | Lair:5   | Reached skill level 1 in Air Magic
 28636 | Lair:6   | Entered Level 6 of the Lair of Beasts
 28667 | Lair:6   | Found a gate leading to a gauntlet.
 28688 | Gauntlet | Entered a Gauntlet
 28688 | Gauntlet | Found a transporter.
 28877 | Gauntlet | Found a transporter.
 28881 | Gauntlet | Found a transporter.
 28889 | Gauntlet | Found a transporter.
 28894 | Gauntlet | Found a transporter.
 28899 | Gauntlet | Found a runed translucent gate.
 28901 | Gauntlet | Found a transporter.
 28902 | Gauntlet | Found a runed translucent gate.
 28903 | Gauntlet | Found a runed translucent gate.
 28905 | Gauntlet | Found a transporter.
 28913 | Gauntlet | Found a transporter.
 28917 | Gauntlet | Found a transporter.
 28926 | Gauntlet | Found a transporter.
 28946 | Gauntlet | Found a transporter.
 28958 | Gauntlet | Found a transporter.
 28971 | Gauntlet | Found a transporter.
 28984 | Gauntlet | Found a transporter.
 29034 | Gauntlet | Got a steaming longbow
 29355 | Gauntlet | Identified the +4 longbow of Forced Transition {flame, rF-
                  | rN++ Will+++ Str-2} (You found it in a Gauntlet)
 29551 | Gauntlet | Identified the ring "Gucyabr Kico" {rN+ Will+ Stlth+}
 29611 | Gauntlet | Got a bloodstained long sword
 30449 | Lair:6   | Reached skill level 5 in Air Magic
 31158 | Orc:2    | Reached XP level 15. HP: 125/144 MP: 16/16
 31395 | Orc:1    | Killed Jorgrun
 32403 | Orc:2    | Noticed an orc warlord
 32494 | Orc:2    | Found a staircase to the Elven Halls.
 32907 | Orc:1    | Found Secluod's Armour Shoppe.
 33007 | Orc:1    | You fall into a shaft and drop 1 floor!
 33386 | Orc:2    | Killed an orc warlord
 34967 | Orc:2    | Found Joakih's Armour Emporium.
 34969 | Orc:2    | Found Gygena's Antique Weapon Emporium.
 34973 | Orc:2    | Found Woiroos's Weapon Shoppe.
 34974 | Orc:2    | Found Corghymo's Antique Weapon Emporium.
 34984 | Orc:2    | Bought a brightly glowing morningstar for 261 gold pieces
 34984 | Orc:2    | Identified the cursed +1 morningstar of Asemior {freeze,
                  | rN+ SInv} (You bought it in a shop on level 2 of the Orcish
                  | Mines)
 34985 | Orc:2    | Identified the +2 long sword "Undertaker" {vorpal, Str-5
                  | Int+2 Dex+2} (You found it in a Gauntlet)
 34992 | Orc:2    | Bought a +2 pair of gloves of dexterity for 279 gold pieces
 35105 | Elf:1    | Entered Level 1 of the Elven Halls
 36560 | D:12     | Reached skill level 1 in Shields
 36868 | D:13     | Noticed Kirke
 36872 | D:13     | Noticed a sphinx
 36894 | D:13     | Killed Kirke
 36914 | D:13     | Reached skill level 5 in Shields
 37216 | D:13     | Found a gate to the Vaults.
 37544 | D:13     | Identified the +7 rapier "Hamm" {drain, Dex+4}
 38026 | D:14     | Reached XP level 16. HP: 148/154 MP: 19/19
 39319 | D:15     | Entered Level 15 of the Dungeon
 39513 | D:15     | Reached skill level 10 in Shields
 39522 | D:15     | Noticed Azrael
 39535 | D:15     | Killed Azrael
 40272 | D:15     | Found a staircase to the Depths.
 41201 | Depths:1 | Entered Level 1 of the Depths
 41205 | Depths:1 | Noticed Bai Suzhen
 41553 | Lair:6   | Reached skill level 15 in Armour
 42041 | Lair:6   | Found the amulet of the Air {Inacc +Fly rElec EV+5 RMsl}
 42838 | D:12     | Paralysed by Rupert for 6 turns
 42856 | D:12     | Killed Rupert
 43872 | D:8      | Killed Gerhazo's ghost
 43889 | D:8      | Identified the Incunabulum of Cankerous Necromancy
 43985 | D:5      | Killed Eitelfritz's ghost
 44138 | Elf:1    | Reached XP level 17. HP: 163/163 MP: 20/20
 44866 | Elf:1    | Reached skill level 15 in Dodging
 48139 | Elf:2    | Found Remuill's Weapon Emporium.
 48141 | Elf:2    | Found Kang's Magic Scroll Shoppe.
 48182 | Elf:2    | Found Hoebapso's Antique Weapon Shop.
 48278 | Elf:2    | Found a runed translucent door.
 48523 | Elf:2    | Found a runed translucent door.
 48596 | Elf:3    | Entered Level 3 of the Elven Halls
 48704 | Elf:3    | Found Kej Fanu's Antique Armour Emporium.
 48964 | Elf:3    | Reached XP level 18. HP: 167/176 MP: 21/21
 49504 | Elf:3    | Found Qek Yhyo's One-of-a-Kind Books.
 51469 | Spider:1 | Entered Level 1 of the Spider Nest
 51493 | Spider:1 | Paralysed by a hornet for 2 turns
 51850 | Swamp:1  | Entered Level 1 of the Swamp
 52384 | Swamp:1  | Reached skill level 15 in Maces & Flails
 53691 | D:9      | Bought an encrusted crystal plate armour for 2465 gold
                  | pieces
 53691 | D:9      | Identified the +14 crystal plate armour of Serendipity
                  | {Regen+ SInv} (You bought it in a shop on level 9 of the
                  | Dungeon)
 55309 | Swamp:3  | Reached XP level 19. HP: 164/171 MP: 22/22
 55655 | Swamp:4  | Entered Level 4 of the Swamp
 55833 | Swamp:4  | Gained mutation: You have a somewhat thin skeletal
                  | structure. (Dex +2, Stealth) [a neqoxec]
 56200 | Swamp:4  | Got a decaying rune of Zot
 57712 | D:13     | You paid a toll of +4 ice dragon scales to enter a treasure
                  | trove
 57713 | Trove    | Entered a treasure trove
 57716 | Trove    | Found the +3 pair of gauntlets of War {Slay+5}
 57718 | Trove    | Got a transparent robe
 57735 | Trove    | Got a pair of distressingly furry gloves
 57736 | Trove    | Identified the +0 pair of gloves of Precision Catastrophes
                  | {rC+++ rCorr Str-5 SInv} (You found it in a treasure trove)
 57739 | Trove    | Identified the +5 tower shield of the Circus Animal
                  | {Rampage Str+6 SInv Stlth-} (You found it in a treasure
                  | trove)
 57742 | Trove    | Identified the -3 kite shield of Yqudenk {rN+} (You found
                  | it in a treasure trove)
 57775 | Trove    | Identified the -5 kite shield "Zenkuomn" {rN+ rCorr Str+3
                  | Dex+4} (You found it in a treasure trove)
 57839 | D:13     | Identified the cursed +1 robe of Words of Power {rElec
                  | rPois rC- Str+9} (You found it in a treasure trove)
 57895 | Vaults:1 | Entered Level 1 of the Vaults
 58285 | Vaults:1 | Found Bushexaj's Armour Boutique.
 58472 | Vaults:1 | Learned a level 2 spell: Passwall
 58888 | Vaults:1 | Identified the +10 plate armour of Lugonu's Favour {-Cast
                  | +Fly rC+ Int+7} (You found it on level 1 of the Vaults)
 59511 | Vaults:2 | Reached XP level 20. HP: 193/193 MP: 23/23
 59648 | Vaults:2 | Found Optyrrau's Antique Weapon Shoppe.
 59934 | Vaults:2 | Found a runed translucent gate.
 59934 | Vaults:2 | Found a runed translucent gate.
 59936 | Vaults:2 | Found a runed translucent gate.
 59937 | Vaults:2 | Noticed Moagi's ghost (adept GnSk)
 60500 | Vaults:2 | Found a staircase to the Crypt.
 61018 | Vaults:2 | Killed Moagi's ghost
 61238 | Vaults:3 | Reached skill level 15 in Shields
 61691 | Vaults:3 | Identified a scroll of acquirement
 61702 | Vaults:3 | Acquired the +15 Maxwell's patent armour {-Cast -Tele rElec
                  | Will+ rCorr}
 61703 | Vaults:3 | Found the +15 Maxwell's patent armour {-Cast -Tele rElec
                  | Will+ rCorr}
 62032 | Vaults:3 | Reached XP level 21. HP: 200/200 MP: 24/24
 62234 | Vaults:3 | Got a faintly glowing morningstar
 62235 | Vaults:3 | Identified the cursed +0 morningstar "Qesett" {vorpal, rC-
                  | rN+ Will+ Str+2} (You found it on level 3 of the Vaults)
 62623 | Vaults:4 | Found Zecuce's General Store.
 62632 | Vaults:4 | Bought a scroll of teleportation for 48 gold pieces
 62632 | Vaults:4 | Bought a scroll of blinking for 120 gold pieces
 62710 | Vaults:4 | Found Becoof's Assorted Antiques.
 62817 | Vaults:4 | Noticed Sojobo
 62839 | Vaults:4 | Killed Sojobo
 63497 | Vaults:4 | Found Hamnemed's Jewellery Boutique.
 64085 | Elf:2    | Bought a scroll of acquirement for 780 gold pieces
 64085 | Elf:2    | Acquired a manual of Fighting
 64960 | Spider:2 | Noticed Nikola
 64981 | Spider:2 | Killed Nikola
 65120 | Spider:2 | Noticed Roxanne
 65148 | Spider:2 | Killed Roxanne
 65415 | Spider:2 | Noticed Louise
 65429 | Spider:2 | Killed Louise
 65862 | Spider:3 | Noticed Arachne
 65883 | Spider:3 | Killed Arachne
 66370 | Spider:4 | Entered Level 4 of the Spider Nest
 66387 | Spider:4 | Reached XP level 22. HP: 220/220 MP: 25/25
 66471 | Spider:4 | Acquired 915 gold pieces
 67054 | Spider:4 | Got a gossamer rune of Zot
 67539 | Elf:2    | Bought a scroll of acquirement for 780 gold pieces
 67539 | Elf:2    | Bought a scroll of fog for 30 gold pieces
 67539 | Elf:2    | Bought a scroll of fear for 52 gold pieces
 67539 | Elf:2    | Bought a scroll of teleportation for 45 gold pieces
 67539 | Elf:2    | Bought a scroll of magic mapping for 52 gold pieces
 67539 | Elf:2    | Bought a scroll of enchant weapon for 112 gold pieces
 67540 | Elf:2    | Acquired 1379 gold pieces
 67810 | Elf:3    | Identified the +0 scimitar of Fury {vorpal, Str-4 Int+9
                  | SInv Stlth-}
 67823 | Elf:3    | Gained mutation: You occasionally shout uncontrollably at
                  | your foes. [a neqoxec]
 67902 | Elf:3    | Identified the +9 mace "Dragonbane" {flame, rElec}
 67902 | Elf:3    | Identified the ring of Propriety {rElec rF+}
 67926 | Elf:3    | Identified the +7 dagger of Hubris {vorpal, rElec rN+ SInv}
 68131 | Elf:3    | Identified the +8 great mace of Ibytuz {freeze, rN+}
 68301 | Elf:3    | Identified the Reference Book on Mutagenic Battle Magic
 68381 | Elf:3    | Identified the +3 battleaxe of the Hawk {antimagic, rElec
                  | rF++ MP+9 Dex-5} (You found it on level 3 of the Elven
                  | Halls)
 68757 | Vaults:4 | Bought the ring of Ojadiu {rN+ Dex+4} for 424 gold pieces
 68933 | Crypt:1  | Entered Level 1 of the Crypt
 69001 | Crypt:1  | Reached skill level 1 in Conjurations
 69518 | Crypt:1  | Found a runed translucent gate.
 69518 | Crypt:1  | Found a runed translucent gate.
 69518 | Crypt:1  | Found a runed translucent gate.
 69519 | Crypt:1  | Found an opulent altar of Gozag.
 69520 | Crypt:1  | Noticed Roocroe's ghost (veteran MiGl)
 69521 | Crypt:1  | Found Firunaoh's Assorted Antiques.
 69568 | Crypt:1  | Reached skill level 5 in Conjurations
 69590 | Crypt:1  | Killed Roocroe's ghost
 69825 | Crypt:2  | Reached XP level 23. HP: 182/234 MP: 26/26
 70705 | Crypt:3  | Entered Level 3 of the Crypt
 71063 | Crypt:3  | Found a basalt altar of Yredelemnul.
 71323 | Crypt:3  | Found the +6 Majin-Bo {vamp, MP+6 Int+6}
 71363 | Crypt:3  | Identified Ceajange's Incunabulum of Evil
 71524 | Crypt:3  | Noticed Frederick
 71535 | Crypt:3  | Killed Frederick
 71549 | Crypt:3  | Reached skill level 1 in Transmutations
 71555 | Crypt:3  | Reached skill level 1 in Earth Magic
 71623 | Crypt:3  | Found a staircase to the Tomb.
 71623 | Crypt:3  | Noticed a royal mummy
 71633 | Crypt:3  | Killed a royal mummy
 72828 | D:15     | Killed Bai Suzhen
 72868 | Depths:1 | Found the +12 Vampire's Tooth {vamp}
 72919 | Depths:1 | Identified the +6 chain mail of Truth {rElec rN+ Dex+3
                  | Slay+3} (You found it on level 1 of the Depths)
 73037 | D:15     | Reached XP level 24. HP: 94/247 MP: 29/29
 73257 | D:15     | Reached skill level 5 in Spellcasting
 73413 | Depths:1 | Reached skill level 5 in Transmutations
 73434 | Depths:1 | Reached skill level 5 in Earth Magic
 73551 | Depths:1 | Paralysed by a floating eye for 3 turns
 73661 | Depths:1 | Reached skill level 1 in Ice Magic
 73661 | Depths:1 | Identified the +7 quarterstaff of the Orcish Mines {vorpal,
                  | Will- Int+3 Dex+6 Stlth+}
 73719 | Depths:1 | Reached skill level 5 in Ice Magic
 74019 | Depths:1 | Identified Sif Muna's Volume of Snow and the Escort
 74269 | Depths:1 | Found a runed translucent door.
 74269 | Depths:1 | Noticed Caat Rau's ghost (adept DgCj)
 74359 | Depths:1 | Killed Caat Rau's ghost
 74365 | Depths:1 | Got a translucent lapis lazuli ring
 74366 | Depths:1 | Identified the ring of the Tortoise {rElec rC- Will+ Str-3
                  | Dex+6} (You found it on level 1 of the Depths)
 74776 | Depths:1 | Found a gateway to Hell.
 74913 | Depths:2 | Reached skill level 10 in Ice Magic
 75287 | Depths:2 | Noticed Saint Roka
 75308 | Depths:2 | Killed Saint Roka
 75412 | Depths:2 | Found a broken altar of Ashenzari.
 75454 | Depths:2 | Found an iron altar of Okawaru.
 75517 | Depths:2 | Noticed an ancient lich
 75527 | Depths:2 | Reached skill level 27 in Fighting
 75539 | Depths:2 | Killed an ancient lich
 75550 | Depths:2 | Reached XP level 25. HP: 158/257 MP: 30/30
 75563 | Depths:2 | Identified the Handbook of Stolen Souls
 75625 | Depths:2 | Found a gateway to a ziggurat.
 76120 | Depths:3 | Found a one-way gate to the infinite horrors of the Abyss.
 76122 | Depths:3 | Found Diug's Magic Scroll Emporium.
 76256 | Depths:3 | Bought a scroll of teleportation for 42 gold pieces
 76256 | Depths:3 | Bought a scroll of teleportation for 42 gold pieces
 76256 | Depths:3 | Bought a scroll of fear for 49 gold pieces
 76955 | Depths:3 | Found a one-way gate leading to the halls of Pandemonium.
 77287 | Depths:5 | Entered Level 5 of the Depths
 77323 | Depths:5 | Gained mutation: You are weak. (Str -2) [a neqoxec]
 77354 | Depths:5 | Lost mutation: You are weak. (Str -2) [potion of mutation]
 77354 | Depths:5 | Lost mutation: You occasionally shout uncontrollably at
                  | your foes. [potion of mutation]
 77354 | Depths:5 | Lost mutation: You have a somewhat thin skeletal structure.
                  | (Dex +2, Stealth) [potion of mutation]
 77354 | Depths:5 | Gained mutation: Your flesh is heat resistant. (rF+)
                  | [potion of mutation]
 77354 | Depths:5 | Gained mutation: You are partially covered in icy blue
                  | scales. (AC +2) [potion of mutation]
 77354 | Depths:5 | Gained mutation: You passively map a small area around you.
                  | [potion of mutation]
 77598 | Depths:5 | Found a gate to the Realm of Zot.
 78060 | Depths:5 | Found Nosar's Distillery.
 78064 | Depths:5 | Bought a potion of curing for 72 gold pieces
 78064 | Depths:5 | Bought a potion of might for 96 gold pieces
 78064 | Depths:5 | Bought a potion of haste for 240 gold pieces
 78064 | Depths:5 | Bought a potion of might for 96 gold pieces
 78064 | Depths:5 | Bought a potion of cancellation for 192 gold pieces
 78064 | Depths:5 | Bought a potion of cancellation for 192 gold pieces
 78064 | Depths:5 | Bought a potion of brilliance for 96 gold pieces
 78501 | Depths:5 | Found a basalt altar of Yredelemnul.
 78530 | Depths:5 | Reached skill level 27 in Armour
 78725 | Depths:5 | Identified the cursed +0 pair of boots of the Poles {rPois
                  | rF+ Str-2 Int+5} (You found it on level 5 of the Depths)
 79430 | Depths:4 | Reached XP level 26. HP: 259/266 MP: 30/30
 79972 | Depths:4 | Voluntarily entered the Abyss.
 80319 | Abyss:1  | Identified the +3 mace of Yqyomil {drain, +Inv} (You found
                  | it on level 1 of the Abyss)
 80564 | Abyss:1  | Identified the +2 leather armour of Ysywk {rF+ Int+6
                  | Slay+2} (You found it on level 1 of the Abyss)
 81018 | Abyss:3  | Found a corrupted altar of Lugonu.
 81039 | Abyss:4  | Found a corrupted altar of Lugonu.
 81369 | Abyss:4  | Paralysed by accursed screaming for 1 turns
 81734 | Abyss:4  | Found a corrupted altar of Lugonu.
 81771 | Abyss:4  | Got an abyssal rune of Zot
 81828 | Abyss:5  | Entered Level 5 of the Abyss
 81857 | Depths:4 | Escaped the Abyss
 82271 | Vaults:5 | Entered Level 5 of the Vaults
 82277 | Vaults:5 | Got a silver rune of Zot
 82358 | Vaults:5 | Identified Voeseiwa's Catalogue of Weightlessness and the
                  | Glacier
 82497 | Vaults:5 | Gained mutation: You are clumsy. (Dex -2) [a shining eye]
 82507 | Vaults:5 | Reached XP level 27. HP: 251/272 MP: 30/30
 82857 | Vaults:5 | Identified the cursed +1 spear "Orifurph" {flame, rF+}
 82925 | Vaults:5 | Identified the +5 falchion of Rouwup {holy, +Blink rPois}
 83063 | Vaults:5 | Reached skill level 27 in Shields
 83117 | Vaults:5 | Reached skill level 1 in Evocations
 83612 | Vaults:5 | Identified the cursed +0 buckler of a wizard's laboratory
                  | {Str+3} (You found it on level 5 of the Vaults)
 84013 | Vaults:5 | Identified the +5 great sword of Arrival {spect, Str+5}
                  | (You found it on level 5 of the Vaults)
 84376 | Slime:1  | Entered Level 1 of the Pits of Slime
 84727 | Slime:5  | Entered Level 5 of the Pits of Slime
 84811 | Slime:5  | Noticed the Royal Jelly
 84938 | Slime:5  | Found a viscous altar of Jiyva.
 84989 | Slime:5  | Killed the Royal Jelly
 85060 | Slime:5  | Identified the +5 ring mail of Dice, Bag, and Bottle {rF+
                  | Str-2 SInv} (You found it on level 5 of the Pits of Slime)
 85110 | Slime:5  | Identified the +7 morningstar of True Grit {vamp, rElec
                  | rN++ Str-4 Dex+3} (You found it on level 5 of the Pits of
                  | Slime)
 85123 | Slime:5  | Identified the +3 great sword of Superiority {vorpal, *Rage
                  | Fragile rC+++ Stlth+} (You found it on level 5 of the Pits
                  | of Slime)
 85129 | Slime:5  | Got a faintly glowing iron ring
 85130 | Slime:5  | Identified the ring "Nukuosos" {+Blink EV+4 Str+4} (You
                  | found it on level 5 of the Pits of Slime)
 85141 | Slime:5  | Got a warped steel ring
 85148 | Slime:5  | Identified the cursed ring of Urphuopti {rN+ Str-4 Dex+3
                  | SInv Stlth-} (You found it on level 5 of the Pits of Slime)
 85165 | Slime:5  | Got a heavily runed wooden ring
 85166 | Slime:5  | Identified the cursed ring "Visy" {rElec Str-4 Int+4
                  | Stlth+} (You found it on level 5 of the Pits of Slime)
 85176 | Slime:5  | Got a slimy rune of Zot
 85559 | Zig:1    | Entered Level 1 of a ziggurat
 85579 | Zig:2    | Entered Level 2 of a ziggurat
 85615 | Zig:2    | Acquired a book of Transfigurations
 85619 | Zig:3    | Entered Level 3 of a ziggurat
 85650 | Zig:4    | Entered Level 4 of a ziggurat
 85653 | Zig:4    | Found the +6 shillelagh "Devastator" {shatter}
 85680 | Zig:4    | Got a crude ring mail
 85681 | Zig:4    | Identified the +2 ring mail "Kemidd" {rN+} (You found it on
                  | level 4 of a ziggurat)
 85691 | Zig:5    | Entered Level 5 of a ziggurat
 85695 | Zig:5    | Noticed a royal mummy
 85702 | Zig:5    | Killed a royal mummy
 85836 | Zig:6    | Entered Level 6 of a ziggurat
 85913 | Zig:7    | Entered Level 7 of a ziggurat
 85917 | Zig:7    | Noticed Kuigey the pandemonium lord
 85955 | Zig:7    | Killed Kuigey the pandemonium lord
 86008 | Zig:7    | Identified the ring "Sirghelet" {rN+ MP+9 Dex+6} (You found
                  | it on level 7 of a ziggurat)
 86088 | Zig:8    | Entered Level 8 of a ziggurat
 86314 | Zig:8    | Identified the Grimoire of Dusty Summoning
 86324 | Zig:9    | Entered Level 9 of a ziggurat
 86428 | Zig:9    | Identified the +11 great sword of the Smoking Stork
                  | {freeze, Will++} (You found it on level 9 of a ziggurat)
 86456 | Zig:10   | Entered Level 10 of a ziggurat
 86464 | Zig:10   | Noticed Balomp the pandemonium lord
 86464 | Zig:10   | Noticed Mebyi the pandemonium lord
 86466 | Zig:10   | Noticed Lemedadd the pandemonium lord
 86470 | Zig:11   | Entered Level 11 of a ziggurat
 86515 | Zig:11   | Noticed an ancient lich
 86534 | Zig:11   | Killed an ancient lich
 86592 | Zig:11   | Identified the ring of Divine Compulsion {+Blink rPois rN+
                  | Int+6} (You found it on level 11 of a ziggurat)
 86709 | Zig:12   | Entered Level 12 of a ziggurat
 86717 | Zig:12   | Noticed Faafoj the pandemonium lord
 86743 | Zig:12   | Gained mutation: You are occasionally teleported next to
                  | monsters. [a cacodemon]
 86754 | Zig:12   | Killed Faafoj the pandemonium lord
 86911 | Zig:12   | Identified the amulet of Fallacy {Faith +Inv +Fly SInv}
                  | (You found it on level 12 of a ziggurat)
 86945 | Zig:13   | Entered Level 13 of a ziggurat
 86995 | Depths:2 | Lost mutation: You are partially covered in icy blue
                  | scales. (AC +2) [potion of mutation]
 86995 | Depths:2 | Lost mutation: You are clumsy. (Dex -2) [potion of
                  | mutation]
 86995 | Depths:2 | Gained mutation: You have a pair of large horns on your
                  | head. [potion of mutation]
 86995 | Depths:2 | Gained mutation: Your mind is acute. (Int +2) [potion of
                  | mutation]
 86996 | Depths:2 | Lost mutation: You have a pair of large horns on your head.
                  | [potion of mutation]
 86996 | Depths:2 | Lost mutation: You are occasionally teleported next to
                  | monsters. [potion of mutation]
 86996 | Depths:2 | Gained mutation: You have a somewhat thin skeletal
                  | structure. (Dex +2, Stealth) [potion of mutation]
 86996 | Depths:2 | Gained mutation: You possess an exceptional clarity of
                  | mind. [potion of mutation]
 87142 | Zot:1    | Entered Level 1 of the Realm of Zot
 87142 | Zot:1    | Noticed an orb of fire
 87150 | Zot:1    | Gained mutation: You are robust. (+10% HP) [an orb of fire]
 87151 | Zot:1    | Gained mutation: You do not regenerate when monsters are
                  | visible. [an orb of fire]
 87161 | Zot:1    | Gained mutation: Scrolls take you a little longer to read.
                  | [an orb of fire]
 87164 | Zot:1    | Gained mutation: You are clumsy. (Dex -2) [an orb of fire]
 87166 | Zot:1    | Lost mutation: Your mind is acute. (Int +2) [an orb of
                  | fire]
 87167 | Zot:1    | Killed an orb of fire
 88716 | Vaults:4 | Bought the amulet "Hiruvi" {rF+ Regen+ Stlth+} for 561 gold
                  | pieces
 89597 | Zot:2    | Found the +4 dragonskin cloak
 89597 | Zot:2    | Noticed Tiamat
 89785 | Zot:2    | Lost mutation: You possess an exceptional clarity of mind.
                  | [potion of mutation]
 89785 | Zot:2    | Lost mutation: Scrolls take you a little longer to read.
                  | [potion of mutation]
 89785 | Zot:2    | Lost mutation: You do not regenerate when monsters are
                  | visible. [potion of mutation]
 89785 | Zot:2    | Lost mutation: You are robust. (+10% HP) [potion of
                  | mutation]
 89785 | Zot:2    | Gained mutation: You are weak. (Str -2) [potion of
                  | mutation]
 89785 | Zot:2    | Gained mutation: You expend magic power (3 MP) to
                  | strengthen your wands. [potion of mutation]
 89785 | Zot:2    | Lost mutation: You are clumsy. (Dex -2) [potion of
                  | mutation]
 89887 | Zot:2    | Killed Tiamat
 90477 | Zot:2    | Learned a level 5 spell: Silence
 91506 | Zot:2    | Reached skill level 27 in Dodging
 91908 | Zot:3    | Reached skill level 1 in Hexes
 92884 | Zot:4    | Noticed an ancient lich
 93700 | Zot:4    | Found a transporter.
 93718 | Zot:4    | Found a transporter.
 94193 | Zot:5    | Entered Level 5 of the Realm of Zot
 94221 | Zot:5    | Reached skill level 5 in Hexes
 94670 | Zot:4    | Killed an ancient lich
 94739 | Zot:4    | Got a glittering marble ring
 94740 | Zot:4    | Identified the ring of the Princeling {Fire +Fly} (You
                  | found it on level 4 of the Realm of Zot)
 94741 | Zot:4    | Identified the Papyrus of Objectivity
 94755 | Zot:4    | Identified the cursed +0 hat "Hyeclul" {Harm rElec rN+}
                  | (You found it on level 4 of the Realm of Zot)
 94895 | Zot:5    | Noticed an orb of fire
 94920 | Zot:5    | Gained mutation: You are partially covered in rugged brown
                  | scales. (AC +1, +3% HP) [an orb of fire]
 94930 | Zot:5    | Killed an orb of fire
 95025 | Zot:5    | Slain by an Orb Guardian

Illustrated notes

Levels and vault maps discovered:
D:1:      matt_arrival_grand_opening, layout_basic
D:2:      minmay_recursive_quarters, layout_basic, minmay_crystal_room
D:3:      minmay_door_path, layout_loops_cross, general_overflow_altar,
          minmay_snake_closets, uniq_grinder, uniq_sigmund, uniq_robin,
          uniq_ijyb
D:4:      layout_loops_ring, minmay_temple_entry_from_below_b, serial_shops,
          nicolae_shop_waterfront
D:5:      layout_loops_ring, gammafunk_ghost_arena, kennysheep_donut,
          minmay_holes
D:6:      layout_rooms, chequers_temple_overflow_statue_of_worship,
          led_sif_book, uniq_edmund
D:7:      layout_loops_ring, enter_bailey_6
D:8:      layout_layer_cave, overflow_temple_1_default,
          overflow_temple_1_default, due_lair_maze_entry_diamond,
          ebering_ghost_funeral_grove, moated_statue
D:9:      layout_long_grid, serial_shops, shop, tso_metal_star, uniq_joseph,
          uniq_grum
D:10:     layout_cave_pools, orc_0_dummy, minmay_misc_feat_pillars,
          elyvilon_altar_3, uniq_erica
D:11:     kb_forest_paths, layout_small_grid, hangedman_ranch
          [blue_anna_fruit_fields]
D:12:     wad_bat_island, layout_cross, hangedman_stone_soup, uniq_rupert
D:13:     layout_basic, grunt_vaults_entry_tiered, enter_trove_1,
          serial_corexii_hall, chequers_hall_statues_y, chequers_hall_statues_y,
          uniq_josephine, uniq_kirke
D:14:     layout_loops_corners, hex_tiny, chequers_jeans
D:15:     grunt_enter_depths_magical_seal, layout_basic, uniq_azrael
Temple:   compressed_dpeg_circular_temple
Lair:1:   layout_cave_pods, grunt_forest_large_clearings
Lair:2:   layout_layer_cave, nicolae_spider_entry_tight_spaces,
          grunt_megastairs_3, uniq_harold, uniq_urug
Lair:3:   layout_roguey, minmay_swamp_entry_reptiles,
          chequers_serial_rivers_micro_c, infiniplex_staircase_pool_2
Lair:4:   statuecave_lemuel, layout_cave_pods, basic_altar, lemuel_fruit_fields,
          minmay_lair_oklob_chamber
Lair:5:   beast_lair_carwin_large_1, layout_concentric_octagons,
          nicolae_slime_entry_slimehenge, minmay_another_anthill,
          serial_bayou_shore_b
Lair:6:   minmay_lair_end_frog_pond, layout_small_grid, gauntlet_entry_generic,
          chequers_serial_rivers_micro_b, fungi_pond_lemuel
Swamp:1:  layout_falls_marsh, nicolae_swamp_dense_foliage
Swamp:2:  layout_basic_swamp, evilmike_swamp_ruin_house_5
Swamp:3:  layout_basic_swamp, hangedman_swamp_lotus
Swamp:4:  nzn_swamp_witches_coven, layout_basic_swamp
Spider:1: layout_spider_delve
Spider:2: layout_spider_delve, uniq_nikola, uniq_louise, uniq_roxanne
Spider:3: layout_spider_delve, nicolae_arachne_temple
Spider:4: spider_rune_water
Slime:1:  layout_caves
Slime:2:  layout_caves
Slime:3:  layout_caves
Slime:4:  layout_caves
Slime:5
Orc:1:    layout_caves, serial_shops, nicolae_shop_competitors_out_of_business
Orc:2:    st_orc_pillars, layout_diamond_mine, uniq_jorgrun
Elf:1:    elf_arrival_002, layout_onion_city,
          hangedman_elven_crosses_minicolossus, grunt_ministairs_9, st_stairs_3
Elf:2:    layout_loops_cross, serial_shops, shop, shop_statue,
          nicolae_shop_waterfront, nicolae_elf_glass_and_crystal_pillar_2,
          nicolae_elf_v_pinch, minmay_misc_feat_cross
Elf:3:    minmay_elf_hall_x, layout_loops_corners, serial_shops, shop,
          nicolae_rare_books, dk_noncrumbling_2
Vaults:1: ontoclasm_vaults_tryst, nicolae_vaults_little_squares_4,
          hangedman_vaults_nails, nicolae_vaults_little_ls,
          vaults_dpeg_encased_lava, nicolae_vaults_little_squares_3,
          nicolae_vaults_sealed_display, layout_vaults_omnigrid, serial_shops,
          nicolae_shop_trees
Vaults:2: gammafunk_vaults_ghost_split, minmay_crypt_entry_skeletal_spiral,
          vaults_room_corners, vaults_room_grunt_arrival_ludios, v_misc_12,
          dpeg_vaults_monster_box, v_misc_31, ontoclasm_vaults_spin,
          nicolae_vaults_little_squares_4, nicolae_vaults_little_squares_4,
          v_misc_24, ontoclasm_vaults_loading_screen,
          layout_vaults_chaotic_city, serial_shops, shop
Vaults:3: hangedman_vaults_river_flow, nicolae_vaults_circle_grid_b,
          hangedman_vaults_trim, vaults_room_semicircle, v_misc_9, v_misc_18,
          hangedman_vaults_cutoff, grunt_vaults_swirl, dpeg_vaults_waves,
          grunt_vaults_diagonal, vaults_room_door_ring, vaults_room_door_ring,
          ontoclasm_vaults_ligature, nicolae_vaults_gold_heap,
          layout_vaults_big_cross
Vaults:4: nicolae_vaults_circle_grid_a, nicolae_vaults_yaktaur_gun_rack,
          v_misc_10, vaults_room_corners, hangedman_vaults_impose,
          nicolae_vaults_network_star, st_hourglassy,
          hangedman_vaults_corner_blocks, vaults_room_stairs_pillars,
          nicolae_vaults_asterisk, ontoclasm_vaults_gateway, layout_vaults_ring,
          serial_shops, shop, nicolae_shop_stone, shop, uniq_sojobo
Vaults:5: serial_shops
Crypt:1:  layout_rooms, ebering_ghost_gozag, small_statue_intersection
Crypt:2:  layout_misc_corridors, st_burial_chamber
Crypt:3:  evilmike_haunted_forest, uniq_frederick
Depths:1: minmay_the_grid_square_5x5_5x5_mashed
          [minmay_the_grid_square_5x5_lines,
          minmay_the_grid_square_5x5_hollow_slash,
          minmay_the_grid_square_5x5_broken_cross,
          minmay_the_grid_square_5x5_inner_v,
          minmay_the_grid_square_5x5_minivault, minmay_the_grid_square_5x5_v,
          minmay_the_grid_square_5x5_prize_itemx,
          minmay_the_grid_square_5x5_longway,
          minmay_the_grid_square_5x5_prize_waves,
          minmay_the_grid_square_5x5_intrusive_squares,
          minmay_the_grid_square_5x5_mess, minmay_the_grid_square_5x5_empty,
          minmay_the_grid_square_5x5_prize_deathbox,
          minmay_the_grid_square_5x5_hourglass,
          minmay_the_grid_square_5x5_shuriken,
          minmay_the_grid_square_5x5_two_walls_a,
          minmay_the_grid_square_5x5_prize_gold,
          minmay_the_grid_square_5x5_bracketed,
          minmay_the_grid_square_5x5_prize_pseudospiral,
          minmay_the_grid_square_5x5_beaten_path,
          minmay_the_grid_square_5x5_half_checkered,
          minmay_the_grid_square_5x5_spiral_small,
          minmay_the_grid_square_5x5_tri_point,
          minmay_the_grid_square_5x5_seven,
          minmay_the_grid_square_5x5_misaligned], layout_gridlike,
          pf_coc_iceberg, gammafunk_ghost_grave, nicolae_water_bricks,
          hangedman_devilish_allure, uniq_bai_suzhen
Depths:2: minmay_box_of_statues, layout_gridville, enter_ziggurat_f, hell_entry,
          special_room [special_room_morgue], old_standard_altar,
          ashenzari_altar_1, infiniplex_staircase_x, uniq_saint_roka
Depths:3: grunt_bruiser_brothers, layout_gridlike, abyss_entry, hell_entry,
          serial_shops, nicolae_shop_crystal, rand_demon_pan_entry_9,
          minmay_door_square
Depths:4: mu_elephants_graveyard, layout_cave_pools, grunt_hell_horde,
          serial_bayou_lagoon_a, abyss_entry, minmay_misc_feat_chi,
          statue_in_the_mist_lemuel, kennysheep_generic_room_9,
          infiniplex_staircase_zigzag_3
Depths:5: grunt_zot_entry_tricorne, layout_honeycomb, serial_shops,
          nicolae_shop_trees, grunt_hell_entry_dis_grunt,
          rand_demon_pan_entry_5, minmay_fountain_box, hangedman_blasphemy
Zot:1:    layout_cathedral_of_symmetry
Zot:2:    layout_basic, grunt_ministairs_7, zot_minivault_4, uniq_tiamat
Zot:3:    minmay_elemental_castle, layout_onion_interference
Zot:4:    gammafunk_the_bubble [the_bubble_gammafunk_crates], layout_basic
Zot:5:    layout_misc_corridors, grunt_ministairs_15

Skill      XL: |  1  2  3  4  5  6  7  8  9 10 11 12 13 14 15 16 17 18 19 20 21 22 23 24 25 26 27 |
---------------+----------------------------------------------------------------------------------+-----
Maces & Flails | 1 2 3 4 5 7 9 11 13 14 16 | 16.5
Fighting       | 1 2 3 4 6 7 9 11 13 14 15 16 18 19 23 25 26 27 | 27.0
Armour         | 5 8 11 12 13 14 15 17 18 20 22 23 24 27 | 27.0
Dodging        | 5 8 10 11 12 13 14 16 27 | 27.0
Summonings     | 3 6 |  6.6
Air Magic      | 5 6 9 |  9.9
Spellcasting   | 2 4 5 9 |  9.7
Shields        | 8 10 12 16 17 18 20 25 27 | 27.0
Conjurations   | 6 9 |  9.9
Transmutations | 4 5 6 |  6.1
Earth Magic    | 4 5 6 |  6.1
Ice Magic      | 10 | 10.7
Evocations     | 3 |  3.4
Hexes          | 6 |  6.8
Stealth        | |  1.5

Action                   |  1- 3 |  4- 6 |  7- 9 | 10-12 | 13-15 | 16-18 | 19-21 | 22-24 | 25-27 || total
-------------------------+-------+-------+-------+-------+-------+-------+-------+-------+-------++-------
Melee: Whip              |    84 |    24 |       |       |       |       |       |       |       ||   108
       Unarmed           |     4 |       |       |       |     3 |       |       |       |       ||     7
       Headbutt          |    11 |    16 |    36 |   122 |   395 |   436 |   641 |   656 |  1465 ||  3778
       Flail             |       |   136 |   160 |    91 |       |       |       |       |       ||   387
       Dire flail        |       |       |   144 |       |       |       |       |       |       ||   144
       Mace              |       |       |       |   501 |  1402 |  1324 |  1859 |   328 |       ||  5414
       Eveningstar       |       |       |       |       |       |   179 |       |  1532 |  4077 ||  5788
       Shillelagh        |       |       |       |       |       |       |       |       |   194 ||   194
Throw: Throwing net      |       |       |       |       |       |       |       |       |     3 ||     3
 Cast: Summon Small Mamm |     4 |     3 |       |     2 |       |     2 |     1 |       |     1 ||    13
       Call Imp          |     4 |    12 |    12 |     4 |       |       |       |       |       ||    32
       Call Canine Famil |       |       |     1 |       |     1 |       |       |       |       ||     2
       Summon Lightning  |       |       |       |       |     2 |     1 |       |       |       ||     3
       Passwall          |       |       |       |       |       |       |       |       |     1 ||     1
Evoke: Wand              |       |       |    18 |    20 |    25 |    25 |     2 |       |    12 ||   102
       Lightning rod     |       |       |     4 |     7 |     3 |     1 |     3 |       |       ||    18
       Condenser vane    |       |       |       |       |       |       |       |       |    13 ||    13
  Use: Potion            |     8 |     5 |    10 |     4 |    19 |    10 |     5 |     2 |    31 ||    94
       Scroll            |       |     7 |     9 |    16 |    21 |    15 |    28 |    17 |    53 ||   166
 Stab: Sleeping          |     1 |       |     4 |       |       |     1 |       |       |       ||     6
       Distracted        |       |       |     1 |     1 |     1 |     1 |       |       |     1 ||     5
       Invisible         |       |       |       |       |       |       |     2 |     9 |     1 ||    12
       Confused          |       |       |       |       |       |       |       |       |    11 ||    11
       Held in net/web   |       |       |       |       |       |       |       |       |    11 ||    11
Armor: Robe              |    20 |    18 |    20 |    19 |       |       |       |       |       ||    77
       Skin              |     7 |    13 |    17 |       |       |       |       |       |       ||    37
       Ring mail         |       |       |       |   142 |   322 |   207 |       |       |       ||   671
       Crystal plate arm |       |       |       |       |       |    73 |   584 |   484 |   834 ||  1975
       Chain mail        |       |       |       |       |       |       |       |       |   306 ||   306
Dodge: Dodged            |    63 |    92 |   205 |   367 |   818 |   945 |   729 |   712 |  1827 ||  5758
       Repelled          |       |       |       |       |       |    20 |    11 |    14 |    39 ||    84
Block: Other             |       |       |       |       |   180 |       |       |       |       ||   180
       Reflection        |       |       |       |       |     5 |     9 |       |       |       ||    14
       Buckler           |       |       |       |       |    44 |   568 |   121 |       |       ||   733
       Tower shield      |       |       |       |       |       |       |  1750 |  2070 |  3413 ||  7233
       Kite shield       |       |       |       |       |       |       |       |       |  1032 ||  1032
